 Dungeon Crawl Stone Soup version 0.20.0-4-g10b340a (webtiles) character file.

241 Gorglomux the Cutter (level 6, -8/38 HPs)
             Began as a Kobold Warper on May 27, 2017.
             Mangled by an iguana (12 damage)
             ... on level 3 of the Dungeon.
             The game lasted 00:03:49 (4619 turns).

Gorglomux the Cutter (Kobold Warper)                Turns: 4619, Time: 00:03:50

Health: -8/38      AC:  5    Str:  9    XL:     6   Next: 30%
Magic:  9/9        EV: 16    Int: 14    God:
Gold:   178        SH:  0    Dex: 16    Spells: 9/9 levels left

rFire    + . .     SeeInvis .   a - +0 short sword
rCold    . . .     Gourm    .   (shield restricted)
rNeg     . . .     Faith    .   b - +0 leather armour
rPois    .         Spirit   .   (no helmet)
rElec    .         Reflect  .   (no cloak)
rCorr    .         Harm     .   (no gloves)
MR       .....                  X - +1 pair of boots {run}
Stlth    ++........             (no amulet)
Regen    0.2/turn               f - ring of protection from fire
MPRegen  0.2/turn               (no ring)

@: quick
A: carnivore 3
a: no special abilities


You were on level 3 of the Dungeon.
You were very full.

You visited 1 branch of the dungeon, and saw 4 of its levels.

You collected 178 gold pieces.

Inventory:

Hand Weapons
 a - a +0 short sword (weapon)
Missiles
 e - 5 tomahawks of dispersal (quivered)
 R - 8 tomahawks
 T - 3 curare-tipped needles
 Z - a throwing net
Armour
 b - a +0 leather armour (worn)
 X - a +1 pair of boots of running (worn)
Jewellery
 f - a ring of protection from fire (left hand)
 U - an uncursed ring of see invisible {unknown}
Scrolls
 B - a scroll of blinking
 C - 3 scrolls of identify {unknown}
 E - 2 scrolls of teleportation {unknown}
 I - 3 scrolls of remove curse {unknown}
 S - a scroll of fear {unknown}
 W - a scroll of recharging {unknown}
Potions
 F - a potion of haste {unknown}
 G - a potion of degeneration {unknown}
 V - a potion of flight {unknown}
 Y - 2 potions of brilliance {unknown}
Books
 c - a book of Spatial Translocations

   Spells                             Type                      Level
   a - Blink                          Translocation                2
   b - Shroud of Golubria             Charms/Translocation         2
   c - Lesser Beckoning               Translocation                3
   d - Gell's Gravitas                Translocation                3
   e - Teleport Other                 Translocation                3
   f - Passage of Golubria            Translocation                4
Comestibles
 z - 4 meat rations
 P - a royal jelly


   Skills:
 + Level 3.9 Fighting
 + Level 4.7 Short Blades
 - Level 1.1 Throwing
 - Level 0.7 Armour
 + Level 4.0 Dodging
 + Level 4.0 Stealth
 - Level 2.1 Spellcasting
   Level 3.0 Translocations


You had 9 spell levels left.
You didn't know any spells.

Dungeon Overview and Level Annotations

Branches:
Dungeon (4/15)
 Temple: D:4-7

Altars:
Dithmenos
Fedhas
Gozag
Vehumet
Zin


Innate Abilities, Weirdness & Mutations

You are small and have problems with some larger weapons.
You are carnivorous and can eat meat at any time.


Message History

The iguana is severely wounded.
The iguana barely misses you.
You hit the iguana but do no damage.
The iguana is severely wounded.
The iguana bites you!
* * * LOW HITPOINT WARNING * * *
You barely miss the iguana.
The iguana is severely wounded.
The iguana barely misses you.
You hit the iguana but do no damage.
The iguana is severely wounded.
The iguana barely misses you.
You barely miss the iguana.
The iguana is severely wounded.
The iguana bites you.
* * * LOW HITPOINT WARNING * * *
You barely miss the iguana.
The iguana is severely wounded.
The iguana bites you!
You die...

######..........# ######........#
................###..............
####..[.........................#
.....##.........####.###.........
................# ##..##.........
.....###.######.###...........##.
.....##..# ###.....#......##).[.
....###.## #.........##...###...
###.# #.# #.#.@..........##..#.
....# #.# #.#.l................
.#### #.# #.#................##
#### #.#####.##....#............
.[.####.##...(.........#>..#.#...
.............>..............l....
........................#.<.#.#.#
..###.........#...[...........#.#
#####.........#..........[.......


You could see an iguana.

Vanquished Creatures
  2 hounds
  An orc wizard (D:3)
  A worker ant (D:4)
  A gnoll (D:1)
  A howler monkey skeleton (D:4)
  6 adders
  3 worms
  A dart slug (D:4)
  A leopard gecko (D:2)
  2 orcs
  7 bats
  5 giant cockroaches
  4 goblins
  6 hobgoblins
  2 jackals (D:1)
  3 frilled lizards
  6 kobolds
  5 rats
57 creatures vanquished.

Notes
Turn   | Place    | Note
-------+----------+-------------------------------------------
     0 | D:1      | Gorglomux the Kobold Warper began the quest for the Orb.
     0 | D:1      | Reached XP level 1. HP: 12/12 MP: 3/3
    26 | D:1      | Reached skill level 1 in Stealth
    56 | D:1      | Reached XP level 2. HP: 4/18 MP: 5/5
   508 | D:1      | Reached skill level 3 in Short Blades
   680 | D:1      | Reached XP level 3. HP: 12/22 MP: 6/6
   821 | D:1      | Reached skill level 3 in Dodging
  1453 | D:2      | Reached skill level 3 in Fighting
  1453 | D:2      | Reached XP level 4. HP: 21/28 MP: 7/7
  1611 | D:2      | Identified a +1 pair of boots of running (You found it on level 2 of the Dungeon)
  1638 | D:2      | Found a radiant altar of Vehumet.
  1715 | D:2      | Found a blossoming altar of Fedhas.
  2091 | D:2      | Found a glowing silver altar of Zin.
  2158 | D:3      | Found a shadowy altar of Dithmenos.
  2218 | D:3      | Found an opulent altar of Gozag.
  2279 | D:3      | Reached skill level 3 in Stealth
  2279 | D:3      | Reached XP level 5. HP: 10/32 MP: 8/8
  3896 | D:4      | Reached XP level 6. HP: 27/38 MP: 9/9
  3993 | D:4      | HP: 1/38 [poisoned by a worker ant]
  4331 | D:4      | Noticed an ogre
  4382 | D:4      | Noticed a phantom
  4619 | D:3      | Mangled by an iguana

Skill      XL: |  1  2  3  4  5  6 |
---------------+-------------------+-----
Stealth        | 1 2 3 4 |  4.0
Short Blades   | 3 4 |  4.7
Dodging        | 3 4 |  4.0
Fighting       | 3 |  3.9
Throwing       | |  1.1
Armour         | |  0.7
Spellcasting   | |  2.1
Translocations | |  3.0

Action                   |  1- 3 |  4- 6 || total
-------------------------+-------+-------++-------
Melee: Short sword       |   171 |   286 ||   457
 Stab: Sleeping          |     3 |     2 ||     5
  Eat: Chunk             |    10 |     9 ||    19
Armor: Leather armour    |    37 |    67 ||   104
Dodge: Dodged            |   135 |   215 ||   350
